ITL
WABA DUCKS @ TRENTON STARS
09/19/2029
 
TOP OF THE 1ST
Waba Ducks batting - Pitching for Trenton Stars : RHP Rusty van Rhee
Pitching: RHP Rusty van Rhee
Batting: RHB Tomás Díaz 0-0: Ball
1-0: Called Strike
1-1: Fly out, F8 (Flyball, 8LM)
Batting: LHB Fernando Cruz 0-0: Called Strike
0-1: Ball
1-1: Ball
2-1: Ball
3-1: Called Strike
3-2: Foul Ball, location: 2F
3-2: Foul Ball, location: 2F
3-2: Base on Balls
Batting: SHB Ron Edwards 0-0: Ball
1-0: Ball
2-0: Ball
3-0: Base on Balls
Fernando Cruz to second
Batting: LHB Javier Orozco 0-0: Ball
1-0: Foul Ball, location: 2F
1-1: Foul Ball, location: 2F
1-2: Strikes out swinging
Batting: RHB Paul Spencer 0-0: Foul Ball, location: 2F
0-1: Swinging Strike
0-2: Strikes out swinging
Top of the 1st over - 0 runs, 0 hits, 0 errors, 2 left on base; Waba 0 - Trenton 0
BOTTOM OF THE 1ST
Trenton Stars batting - Pitching for Waba Ducks : RHP Sang-joon Pak
Pitching: RHP Sang-joon Pak
Batting: RHB George Reeves 0-0: Swinging Strike
0-1: Foul Ball, location: 2F
0-2: SINGLE (Groundball, 56S) (infield hit)
Batting: LHB Gabriel Aragón 0-0: Ball
George Reeves is caught stealing 2nd base
1-0: Ball
2-0: Ball
3-0: Base on Balls
Batting: LHB Frank Jackson 0-0: Ball
1-0: SINGLE (Groundball, 6MD)
Gabriel Aragón to second
Runner from 2nd tries for 3rd, SAFE, no throw
Batting: RHB Ken McDonald 0-0: Ball
1-0: Foul Ball, location: 2F
1-1: Ball
2-1: Foul Ball, location: 2F
2-2: Fly out, F9 (Flyball, 89S)
Runner from 3rd tags up, SCORES, no throw
Batting: RHB Tony Long 0-0: Ball
1-0: Ball
2-0: SINGLE (Line Drive, 7S)
Frank Jackson to second
Batting: RHB Alfredo López 0-0: 3-RUN HOME RUN (Flyball, 89XD), Distance : 410 ft
Batting: LHB Paco Córdova 0-0: Foul Ball, location: 2F
0-1: Ball
1-1: Ball
2-1: Ball
3-1: Called Strike
3-2: Ground out U3 (Groundball, 3)
Bottom of the 1st over - 4 runs, 4 hits, 0 errors, 0 left on base; Waba 0 - Trenton 4
TOP OF THE 2ND
Waba Ducks batting - Pitching for Trenton Stars : RHP Rusty van Rhee
Batting: RHB Ángelo García 0-0: Ball
1-0: SINGLE (Groundball, 4D)
Batting: RHB Jeremy Flemming 0-0: Ball
1-0: Ball
2-0: Fielders Choice at 2nd, 5-4 (Groundball, 56)
Batting: LHB José Rodríguez 0-0: Ball
1-0: DOUBLE (Flyball, 8LXD)
Jeremy Flemming to third
Batting: LHB Daniel Carter 0-0: Called Strike
0-1: Foul Ball, location: 2F
0-2: Ball
1-2: Ball
2-2: Strikes out swinging
Batting: RHB Tomás Díaz 0-0: Foul Ball, location: 2F
0-1: Foul Ball, location: 2F
0-2: Foul Ball, location: 2F
0-2: Ball
1-2: Ground out 5-3 (Groundball, 56)
Top of the 2nd over - 0 runs, 2 hits, 0 errors, 2 left on base; Waba 0 - Trenton 4
BOTTOM OF THE 2ND
Trenton Stars batting - Pitching for Waba Ducks : RHP Sang-joon Pak
Batting: RHB Aaron Washington 0-0: Called Strike
0-1: Called Strike
0-2: Foul Ball, location: 2F
0-2: Ball
1-2: Ground out 6-3 (Groundball, 56)
Batting: LHB Sixto Cortés 0-0: Called Strike
0-1: Hit by Pitch
Batting: RHB George Reeves 0-0: Swinging Strike
0-1: Ball
1-1: Ball
2-1: Grounds into double play, 4-6-3 (Groundball, 4)
Bottom of the 2nd over - 0 runs, 0 hits, 0 errors, 0 left on base; Waba 0 - Trenton 4
TOP OF THE 3RD
Waba Ducks batting - Pitching for Trenton Stars : RHP Rusty van Rhee
Batting: LHB Fernando Cruz 0-0: Ball
1-0: Fly out, F6 (Popup, 6)
Batting: SHB Ron Edwards 0-0: Ball
1-0: Ball
2-0: Ground out 1-3 (Groundball, 13)
Batting: LHB Javier Orozco 0-0: Ball
1-0: Ground out 1-3 (Groundball, 13S)
Top of the 3rd over - 0 runs, 0 hits, 0 errors, 0 left on base; Waba 0 - Trenton 4
BOTTOM OF THE 3RD
Trenton Stars batting - Pitching for Waba Ducks : RHP Sang-joon Pak
Batting: LHB Gabriel Aragón 0-0: Foul Ball, location: 2F
0-1: Foul Ball, location: 2F
0-2: Ball
1-2: Foul Ball, location: 2F
1-2: Ground out 4-3 (Groundball, 4)
Batting: LHB Frank Jackson 0-0: Ball
1-0: Called Strike
1-1: Foul Ball, location: 2F
1-2: Ground out U3 (Groundball, 34S)
Batting: RHB Ken McDonald 0-0: Called Strike
0-1: Swinging Strike
0-2: Ball
1-2: Ball
2-2: Foul Ball, location: 2F
2-2: SINGLE (Groundball, 5D)
Batting: RHB Tony Long 0-0: Swinging Strike
0-1: Foul Ball, location: 2F
0-2: Foul Ball, location: 2F
0-2: Ball
1-2: Ball
2-2: Foul Ball, location: 2F
2-2: Fielders Choice at 2nd, 6-4 (Groundball, 6)
Bottom of the 3rd over - 0 runs, 1 hit, 0 errors, 1 left on base; Waba 0 - Trenton 4
TOP OF THE 4TH
Waba Ducks batting - Pitching for Trenton Stars : RHP Rusty van Rhee
Batting: RHB Paul Spencer 0-0: Ball
1-0: Called Strike
1-1: Ball
2-1: Swinging Strike
2-2: Strikes out swinging
Batting: RHB Ángelo García 0-0: Called Strike
0-1: Ball
1-1: Foul Ball, location: 2F
1-2: Strikes out swinging
Batting: RHB Jeremy Flemming 0-0: Hit by Pitch
Batting: LHB José Rodríguez 0-0: Called Strike
0-1: Ball
1-1: Called Strike
1-2: Ball
2-2: Strikes out swinging
Top of the 4th over - 0 runs, 0 hits, 0 errors, 1 left on base; Waba 0 - Trenton 4
BOTTOM OF THE 4TH
Trenton Stars batting - Pitching for Waba Ducks : RHP Sang-joon Pak
Batting: RHB Alfredo López 0-0: Ball
1-0: Called Strike
1-1: Foul Ball, location: 2F
1-2: Ball
2-2: DOUBLE (Line Drive, 78XD)
Batting: LHB Paco Córdova 0-0: Ball
1-0: Reached on error, E6 (Groundball, 56)
Alfredo López scores
Batting: RHB Aaron Washington 0-0: Called Strike
0-1: Foul Ball, location: 2F
0-2: Foul Ball, location: 2F
0-2: Strikes out looking
Batting: LHB Sixto Cortés 0-0: Ball
1-0: Foul Ball, location: 2F
1-1: Foul Ball, location: 2F
1-2: Ball
2-2: Ball
3-2: Foul Ball, location: 2F
3-2: Strikes out swinging
Batting: RHB George Reeves 0-0: Called Strike
0-1: SINGLE (Line Drive, 4MD)
Paco Córdova to third
Runner from 3rd tries for Home, SAFE, throw made home
Batting: LHB Gabriel Aragón 0-0: Called Strike
George Reeves steals 2nd base
0-1: Called Strike
0-2: Ball
1-2: SINGLE (Line Drive, 9LS)
George Reeves to third
Runner from 3rd tries for Home, SAFE, no throw
Batting: LHB Frank Jackson 0-0: Ball
1-0: Ball
2-0: Ball
3-0: Called Strike
3-1: Base on Balls
Gabriel Aragón to second
Batting: RHB Ken McDonald 0-0: Ball
1-0: Ball
2-0: Ball
3-0: Called Strike
3-1: Called Strike
3-2: SINGLE (Flyball, 78M)
Gabriel Aragón to third
Frank Jackson to second
Gabriel Aragón scores
Frank Jackson to third
Batting: RHB Tony Long 0-0: Fielders Choice at 2nd, 5-4 (Groundball, 56)
Bottom of the 4th over - 4 runs, 4 hits, 1 error, 2 left on base; Waba 0 - Trenton 8
TOP OF THE 5TH
Waba Ducks batting - Pitching for Trenton Stars : RHP Rusty van Rhee
Batting: LHB Daniel Carter 0-0: Ball
1-0: Foul Ball, location: 2F
1-1: Ball
2-1: Called Strike
2-2: Strikes out looking
Batting: RHB Tomás Díaz 0-0: Foul Ball, location: 2F
0-1: Reached on error, E4 (Groundball, 4)
Batting: LHB Fernando Cruz 0-0: Ball
Tomás Díaz steals 2nd base
1-0: Ball
2-0: Swinging Strike
2-1: Foul Ball, location: 2F
2-2: Foul Ball, location: 2F
2-2: SINGLE (Flyball, 89S)
Tomás Díaz to third
Runner from 3rd tries for Home, SAFE, no throw
Batting: SHB Ron Edwards 0-0: Ground out 4-3 (Groundball, 4S)
Fernando Cruz to second
Batting: LHB Javier Orozco 0-0: Swinging Strike
0-1: Swinging Strike
0-2: Ball
1-2: Strikes out swinging
Top of the 5th over - 1 run, 1 hit, 1 error, 1 left on base; Waba 1 - Trenton 8
BOTTOM OF THE 5TH
Trenton Stars batting - Pitching for Waba Ducks : RHP Sang-joon Pak
Batting: RHB Alfredo López 0-0: Called Strike
0-1: SINGLE (Groundball, 56D)
Batting: LHB Paco Córdova 0-0: Fly out, F7 (Flyball, 78D)
Batting: RHB Aaron Washington 0-0: Ball
1-0: Ball
2-0: Fly out, F9 (Flyball, 89M)
Batting: LHB Sixto Cortés 0-0: Ball
Alfredo López steals 2nd base
1-0: Ball
2-0: Called Strike
2-1: DOUBLE (Flyball, 8LXD)
Alfredo López scores
Batting: RHB George Reeves 0-0: Called Strike
0-1: Ball
1-1: Foul Ball, location: 2F
1-2: Strikes out swinging
Bottom of the 5th over - 1 run, 2 hits, 0 errors, 1 left on base; Waba 1 - Trenton 9
TOP OF THE 6TH
Waba Ducks batting - Pitching for Trenton Stars : RHP Rusty van Rhee
Batting: RHB Paul Spencer 0-0: Ball
1-0: Called Strike
1-1: Ball
2-1: Foul Ball, location: 2F
2-2: Ball
3-2: TRIPLE (Line Drive, 89XD)
Batting: RHB Ángelo García 0-0: SINGLE (Line Drive, 4D)
Paul Spencer scores
Batting: RHB Jeremy Flemming 0-0: Called Strike
Ángelo García steals 2nd base
0-1: Ball
1-1: Swinging Strike
1-2: Foul Ball, location: 2F
1-2: Ball
2-2: Foul Ball, location: 2F
2-2: Strikes out swinging
Batting: LHB José Rodríguez 0-0: Ball
1-0: Ball
2-0: Foul Ball, location: 2F
2-1: Ball
3-1: Base on Balls
Batting: LHB Daniel Carter 0-0: SINGLE (Groundball, 34D)
Ángelo García to third
José Rodríguez to second
Runner from 3rd tries for Home, throw and OUT!
José Rodríguez to third
Daniel Carter to second
Batting: RHB Tomás Díaz 0-0: Ball
1-0: Swinging Strike
1-1: Foul Ball, location: 2F
1-2: Fly out, F7 (Flyball, 7LS)
Top of the 6th over - 1 run, 3 hits, 0 errors, 2 left on base; Waba 2 - Trenton 9
BOTTOM OF THE 6TH
Trenton Stars batting - Pitching for Waba Ducks : RHP Sang-joon Pak
Batting: LHB Gabriel Aragón 0-0: Ball
1-0: Ball
2-0: Ball
3-0: Called Strike
3-1: DOUBLE (Flyball, 8LD)
Pitching: RHP José Carrillo
Batting: LHB Frank Jackson 0-0: Ball
1-0: Called Strike
1-1: Foul Ball, location: 2F
1-2: Ball
2-2: Ball
3-2: Foul Ball, location: 2F
3-2: SINGLE (Line Drive, 34D)
Gabriel Aragón to third
Runner from 3rd tries for Home, SAFE, no throw
Batting: RHB Ken McDonald 0-0: Ball
1-0: Foul Ball, location: 2F
1-1: Ball
2-1: Foul Ball, location: 2F
2-2: Grounds into double play, 6-4-3 (Groundball, 6)
Batting: RHB Tony Long 0-0: Called Strike
0-1: Called Strike
0-2: Ground out 6-3 (Groundball, 6)
Bottom of the 6th over - 1 run, 2 hits, 0 errors, 0 left on base; Waba 2 - Trenton 10
TOP OF THE 7TH
Waba Ducks batting - Pitching for Trenton Stars : RHP Rusty van Rhee
Batting: LHB Fernando Cruz 0-0: Swinging Strike
0-1: Ball
1-1: Ball
2-1: Ground out 1-3 (Groundball, 13)
Batting: SHB Ron Edwards 0-0: Ball
1-0: Ball
2-0: Called Strike
2-1: Swinging Strike
2-2: Foul Ball, location: 2F
2-2: Foul Ball, location: 2F
2-2: Foul Ball, location: 2F
2-2: DOUBLE (Line Drive, 9D)
Batting: LHB Javier Orozco 0-0: DOUBLE (Flyball, 9D)
Ron Edwards scores
Batting: RHB Paul Spencer 0-0: Swinging Strike
0-1: Foul Ball, location: 2F
0-2: Ball
1-2: Foul Ball, location: 2F
1-2: Ball
2-2: Ball
3-2: Strikes out swinging
Pitching: LHP Pedro Orozco
Batting: RHB Ángelo García 0-0: Ball
1-0: Ball
2-0: Called Strike
2-1: Swinging Strike
2-2: Ball
3-2: Base on Balls
Batting: RHB Jeremy Flemming 0-0: Called Strike
0-1: Ball
1-1: Ball
2-1: Ball
3-1: Foul Ball, location: 2F
3-2: Base on Balls
Javier Orozco to third
Ángelo García to second
Batting: LHB José Rodríguez 0-0: Ball
1-0: Ball
2-0: Ball
3-0: Base on Balls
Javier Orozco scores
Ángelo García to third
Jeremy Flemming to second
Batting: LHB Daniel Carter 0-0: Ball
1-0: Ball
2-0: Ball
3-0: Called Strike
3-1: Base on Balls
Ángelo García scores
Jeremy Flemming to third
José Rodríguez to second
Batting: RHB Tomás Díaz 0-0: SINGLE (Groundball, 4MD)
Jeremy Flemming scores
José Rodríguez to third
Daniel Carter to second
Runner from 3rd tries for Home, SAFE, no throw
Pitching: RHP Darrell Stanley
Batting: LHB Fernando Cruz 0-0: Ball
1-0: Called Strike
1-1: Ball
2-1: Ground out 4-3 (Groundball, 4)
Top of the 7th over - 5 runs, 3 hits, 0 errors, 2 left on base; Waba 7 - Trenton 10
BOTTOM OF THE 7TH
Trenton Stars batting - Pitching for Waba Ducks : RHP José Carrillo
Batting: RHB Alfredo López 0-0: Ball
1-0: Ball
2-0: Ball
3-0: Foul Ball, location: 2F
3-1: Swinging Strike
3-2: SINGLE (Groundball, 25) (infield hit)
Batting: LHB Paco Córdova 0-0: Ball
1-0: Called Strike
1-1: Fly out, F7 (Flyball, 7)
Batting: RHB Aaron Washington 0-0: Ball
1-0: Called Strike
1-1: Ball
2-1: Ball
3-1: Fly out, F6 (Line Drive, 6)
Batting: LHB Sixto Cortés 0-0: Called Strike
0-1: Swinging Strike
0-2: Foul Ball, location: 2F
0-2: Ball
1-2: SINGLE (Line Drive, 8RS)
Alfredo López to second
Batting: RHB George Reeves 0-0: Foul Ball, location: 2F
0-1: Ball
1-1: Foul Ball, location: 2F
1-2: SINGLE (Groundball, 6M) (infield hit)
Alfredo López to third
Sixto Cortés to second
Batting: LHB Gabriel Aragón 0-0: Ball
1-0: DOUBLE (Flyball, 78D)
Alfredo López scores
Sixto Cortés scores
George Reeves to third
Runner from 3rd tries for Home, SAFE, no throw
Batting: LHB Frank Jackson 0-0: Called Strike
0-1: Foul Ball, location: 2F
0-2: Ball
1-2: Ball
2-2: Ball
3-2: Base on Balls
Batting: RHB Ken McDonald 0-0: Ball
1-0: Called Strike
1-1: Foul Ball, location: 2F
1-2: Fly out, F5 (Line Drive, 5L)
Bottom of the 7th over - 3 runs, 4 hits, 0 errors, 2 left on base; Waba 7 - Trenton 13
TOP OF THE 8TH
Waba Ducks batting - Pitching for Trenton Stars : RHP Darrell Stanley
Now at 1B: Derek Ramsey
Now at 2B: Juan Martínez
Now in CF: Emílio Bruno
Batting: SHB Ron Edwards 0-0: Foul Ball, location: 2F
0-1: Ball
1-1: Ball
2-1: Ball
3-1: Base on Balls
Batting: LHB Javier Orozco 0-0: Ball
1-0: Called Strike
1-1: Reached on error, E1 (Groundball, P)
Ron Edwards to second
Batting: RHB Paul Spencer 0-0: Called Strike
0-1: Ground out 5-3 (Groundball, 56S)
Ron Edwards to third
Javier Orozco to second
Batting: RHB Ángelo García 0-0: Ball
1-0: Foul Ball, location: 2F
1-1: Ground out 4-3 (Groundball, 4)
Ron Edwards scores
Javier Orozco to third
Batting: RHB Jeremy Flemming 0-0: Ball
1-0: Ball
2-0: Foul Ball, location: 2F
2-1: Ball
3-1: Base on Balls
Batting: LHB José Rodríguez 0-0: Called Strike
0-1: Ball
1-1: Ball
2-1: Ball
3-1: Base on Balls
Jeremy Flemming to second
Pitching: RHP Gonzalo Benetti
Batting: LHB Daniel Carter 0-0: SINGLE (Groundball, 34D)
Javier Orozco scores
Jeremy Flemming to third
José Rodríguez to second
Runner from 3rd tries for Home, SAFE, no throw
Batting: RHB Tomás Díaz 0-0: Foul Ball, location: 2F
0-1: Ball
1-1: Ball
2-1: DOUBLE (Line Drive, 78XD)
José Rodríguez scores
Daniel Carter to third
Runner from 3rd tries for Home, SAFE, no throw
Batting: LHB Fernando Cruz 0-0: SINGLE (Line Drive, 4MD)
Tomás Díaz to third
Runner from 3rd tries for Home, throw and OUT!
Top of the 8th over - 5 runs, 3 hits, 1 error, 1 left on base; Waba 12 - Trenton 13
BOTTOM OF THE 8TH
Trenton Stars batting - Pitching for Waba Ducks : RHP José Carrillo
Pitching: RHP Bill Bygrove
Batting: RHB Tony Long 0-0: Ball
1-0: Called Strike
1-1: Fly out, F7 (Flyball, 78M)
Batting: RHB Alfredo López 0-0: Ball
1-0: Foul Ball, location: 2F
1-1: Ball
2-1: Ball
3-1: SINGLE (Line Drive, 89S)
Batting: LHB Paco Córdova 0-0: Called Strike
0-1: Foul Ball, location: 2F
0-2: Ball
1-2: Grounds into double play, 5-4-3 (Groundball, 56)
Bottom of the 8th over - 0 runs, 1 hit, 0 errors, 0 left on base; Waba 12 - Trenton 13
TOP OF THE 9TH
Waba Ducks batting - Pitching for Trenton Stars : RHP Gonzalo Benetti
Batting: SHB Ron Edwards 0-0: Ball
1-0: Fly out, F7 (Flyball, 78D)
Batting: LHB Javier Orozco 0-0: Ball
1-0: Ball
2-0: Ball
3-0: Base on Balls
Batting: RHB Paul Spencer 0-0: Ball
1-0: Swinging Strike
1-1: Swinging Strike
1-2: Ball
Wild Pitch!
Javier Orozco to second
2-2: Strikes out swinging
Batting: RHB Ángelo García 0-0: Ball
1-0: Swinging Strike
1-1: Ball
2-1: Fly out, F3 (Popup, 3)
Top of the 9th over - 0 runs, 0 hits, 0 errors, 1 left on base; Waba 12 - Trenton 13
Saturday, December 16th, 2017 - OOTP Baseball 18.8 Build 76